 Dungeon Crawl Stone Soup version 0.29-a0-732-g3d7fbe0af2 (webtiles) character file.

Game seed: 16578067454265235157

3648 kevlar127 the Grappler (level 9, -4/144 HPs)
             Began as a Troll Berserker on June 30, 2022.
             Was an Elder of Trog.
             Slain by a tengu warrior
             ... wielding a +0 halberd
              (15 damage)
             ... on level 8 of the Dungeon.
             The game lasted 00:19:14 (7236 turns).

kevlar127 the Grappler (Troll Berserker)            Turns: 7236, Time: 00:19:15

Health: -4/144     AC:  7    Str: 31    XL:     9   Next: 88%
Magic:  8/8        EV: 10    Int:  5    God:    Trog [****..]
Gold:   377        SH:  0    Dex:  9    Spells: 8/8 levels left

rFire   . . .      SeeInvis .     - Unarmed
rCold   . . .      Faith    .   (no shield)
rNeg    . . .      Spirit   .   u - +1 robe of Cevouf {Int+2}
rPois   .          Reflect  .   (helmet restricted)
rElec   .          Harm     .   l - +1 cloak {Will+}
rCorr   +          Rampage  .   (gloves unavailable)
Will    +++..                   (boots unavailable)
Stlth   ..........              k - amulet of regeneration
HPRegen 2.94/turn               x - ring of resist corrosion
MPRegen 0.11/turn               (no ring)

@: berserking (expiring), strong-willed, regenerating, very quick
A: large, unfitting armour, claws 3, regeneration 1, shaggy fur 1, tough skin 1
a: Renounce Religion, Berserk, Trog's Hand, Brothers in Arms


You were on level 8 of the Dungeon.
You worshipped Trog.
Trog was greatly pleased with you.
You visited 1 branch of the dungeon, and saw 8 of its levels.

You collected 377 gold pieces.

Inventory:

Hand Weapons
 m - a +0 hammer
Missiles
 c - 102 stones (quivered)
 D - 4 poisoned darts
 G - 2 boomerangs
Armour
 l - a +1 cloak of willpower (worn)
 u - the +1 robe of Cevouf (worn) {Int+2}
   (You found it on level 3 of the Dungeon)

   Int:       It affects your intelligence (+2).
Jewellery
 k - an amulet of regeneration (around neck)
 n - a ring of fire
 x - a ring of resist corrosion (left claw)
 H - an amulet of reflection
Wands
 o - a wand of polymorph (12)
 r - a wand of digging (9)
 s - a wand of iceblast (9)
 E - a wand of flame (17)
Scrolls
 d - a scroll of acquirement {unknown}
 e - a scroll of poison {unknown}
 g - 9 scrolls of identify {unknown}
 j - 2 scrolls of teleportation {unknown}
 p - 2 scrolls of enchant armour {unknown}
 q - a scroll of torment {unknown}
 t - 2 scrolls of fear {unknown}
 v - a scroll of summoning {unknown}
 y - a scroll of brand weapon {unknown}
 A - a scroll of magic mapping {unknown}
 C - a scroll of immolation {unknown}
 I - a scroll of amnesia {unknown}
Potions
 a - a potion of cancellation {unknown}
 b - a potion of brilliance
 f - 5 potions of mutation {unknown}
 h - a potion of degeneration {unknown}
 i - 3 potions of heal wounds {unknown}
 w - 4 potions of curing {unknown}
 z - 2 potions of might {unknown}
 B - 2 potions of flight {unknown}
 F - a potion of berserk rage {unknown}


   Skills:
 * Level 7.9 Fighting
 + Level 4.9 Throwing
 - Level 3.0 Dodging
 * Level 9.4 Unarmed Combat
 + Level 1.8 Evocations


You had 8 spell levels left.
You didn't know any spells.
Your spell library was empty.

Dungeon Overview and Level Annotations

Branches:
Dungeon (8/15)             Temple (0/1) D:6
   Lair: D:8-11

Altars:
Gozag
Hepliaklqana
Kikubaaqudgha
Sif Muna
Yredelemnul


Innate Abilities, Weirdness & Mutations

You are too large for most types of armour.
You have claws for hands.
Your natural rate of healing is unusually fast.
You are covered in fur. (AC +1)
You have tough skin. (AC +1)


Message History

* * * LOW HITPOINT WARNING * * *
The tengu warrior pecks you.
* * * LOW HITPOINT WARNING * * *
The tengu warrior claws you.
* * * LOW HITPOINT WARNING * * *
You miss the tengu warrior.
The tengu warrior is heavily wounded.
You scratch the tengu warrior but do no damage.
The tengu warrior is heavily wounded.
The tengu warrior hits you but does no damage.
The tengu warrior pecks you.
* * * LOW HITPOINT WARNING * * *
The tengu warrior claws you.
* * * LOW HITPOINT WARNING * * *
You barely miss the tengu warrior.
The tengu warrior is heavily wounded.
The tengu warrior hits you with a +0 halberd.
* * * LOW HITPOINT WARNING * * *
The tengu warrior barely misses you.
The tengu warrior claws you but does no damage.
A tengu warrior is nearby!
You closely miss the tengu warrior.
The tengu warrior is heavily wounded.
You closely miss the tengu warrior.
The tengu warrior is heavily wounded.
The tengu warrior hits you with a +0 halberd!
* * * LOW HITPOINT WARNING * * *
The tengu warrior pecks you but does no damage.
The tengu warrior misses you.
You scratch the tengu warrior but do no damage.
The tengu warrior is heavily wounded.
You scratch the tengu warrior.
The tengu warrior is heavily wounded.
The tengu warrior hits you with a +0 halberd!
* * * LOW HITPOINT WARNING * * *
The tengu warrior pecks you.
* * * LOW HITPOINT WARNING * * *
The tengu warrior claws you but does no damage.
The tengu warrior hits you with a +0 halberd!
You die...

## .# .# # ###########
.# ###.........#####.#
.##...........##.Q#
.#######......##@######
.'.....+......'.........
.#######......##########
.......'......+
.#######......# .#
#......# .# #......# .#
#......# ## ########


You could see a tengu warrior.

Vanquished Creatures
  Joseph (D:7)
  A tengu conjurer (D:8)
  Sigmund (D:2)
  Eustachio (D:5)
  A water moccasin (D:3)
  Duvessa (D:7)
  An ice beast (D:7)
  2 orc warriors
  4 black bears
  An ogre (D:4)
  A kobold brigand (D:6)
  6 bullfrogs
  2 necrophages
  A scorpion (D:5)
  4 wights (D:6)
  Dowan (D:7)
  3 howler monkeys
  A jelly (D:4)
  3 hounds
  A gnoll shaman (D:6)
  Crazy Yiuf (D:2)
  3 orc priests
  3 iguanas (D:4)
  Jessica (D:3)
  4 orc wizards
  19 gnolls
  9 adders
  2 worms
  2 dart slugs
  24 orcs
  6 bats
  8 endoplasms
  4 giant cockroaches
  10 goblins
  5 hobgoblins
  8 jackals
  7 kobolds
  3 quokkas
  6 ball pythons
  3 frilled lizards
  4 rats
169 creatures vanquished.

Notes
Turn   | Place    | Note
-------+----------+-------------------------------------------
     0 | D:1      | kevlar127 the Troll Berserker began the quest for the Orb.
     0 | D:1      | Reached XP level 1. HP: 22/22 MP: 0/0
   260 | D:1      | Found a faded altar of an unknown god.
   264 | D:1      | Reached XP level 2. HP: 29/29 MP: 1/1
  1035 | D:2      | Reached XP level 3. HP: 36/36 MP: 2/2
  1050 | D:2      | Noticed Sigmund
  1066 | D:2      | Killed Sigmund
  1067 | D:2      | Reached skill level 4 in Unarmed Combat
  1067 | D:2      | Reached XP level 4. HP: 48/48 MP: 3/3
  1067 | D:2      | Reached XP level 5. HP: 54/54 MP: 4/4
  1296 | D:2      | Found a runed translucent door.
  1297 | D:2      | Noticed Crazy Yiuf
  1545 | D:2      | Reached ** piety under Trog
  1836 | D:2      | Killed Crazy Yiuf
  1973 | D:3      | Reached skill level 5 in Unarmed Combat
  1973 | D:3      | Reached XP level 6. HP: 62/62 MP: 5/5
  2183 | D:3      | Found an ancient bone altar of Kikubaaqudgha.
  2242 | D:3      | Found a shimmering blue altar of Sif Muna.
  2368 | D:3      | Noticed a water moccasin
  2380 | D:3      | Killed a water moccasin
  2381 | D:3      | Reached skill level 1 in Throwing
  2559 | D:3      | Noticed Jessica
  2560 | D:3      | Killed Jessica
  3236 | D:3      | Identified the +1 robe of Cevouf {Int+2}
  3335 | D:4      | Reached XP level 7. HP: 71/71 MP: 6/6
  3363 | D:4      | Reached skill level 6 in Unarmed Combat
  3381 | D:4      | Reached *** piety under Trog
  3382 | D:4      | Reached skill level 5 in Fighting
  3644 | D:4      | Found a basalt altar of Yredelemnul.
  4041 | D:4      | Reached XP level 8. HP: 80/81 MP: 7/7
  4251 | D:5      | Entered Level 5 of the Dungeon
  4599 | D:5      | Reached skill level 7 in Unarmed Combat
  4905 | D:5      | Reached **** piety under Trog
  4975 | D:5      | Noticed Eustachio
  4991 | D:5      | Killed Eustachio
  5249 | D:6      | Found an opulent altar of Gozag.
  5618 | D:6      | Found a staircase to the Ecumenical Temple.
  5658 | D:6      | Reached skill level 8 in Unarmed Combat
  5678 | D:6      | Reached XP level 9. HP: 56/91 MP: 8/8
  6346 | D:6      | Found a hazy altar of Hepliaklqana.
  6471 | D:7      | Noticed Dowan
  6481 | D:7      | Killed Dowan
  6619 | D:7      | Noticed Joseph
  6633 | D:7      | Killed Joseph
  6634 | D:7      | Reached skill level 9 in Unarmed Combat
  6634 | D:7      | Reached skill level 1 in Evocations
  6723 | D:7      | Noticed Duvessa
  6730 | D:7      | Killed Duvessa
  7218 | D:8      | Noticed a tengu warrior
  7223 | D:8      | Noticed a tengu conjurer
  7226 | D:8      | Killed a tengu conjurer
  7236 | D:8      | Slain by a tengu warrior

Illustrated notes

Levels and vault maps discovered:
D:1:      dpeg_arrival_three_same_balls, layout_basic,
          hellmonk_ecumenical_altar_slurped_away
D:2:      minmay_diamond_boxcup, layout_loops_corners,
          kennysheep_generic_room_4, uniq_crazy_yiuf_cottage, uniq_sigmund
D:3:      layout_basic, kennysheep_orc_sif_temple, lemuel_tele_altar,
          uniq_jessica
D:4:      layout_loops_ring, mainiacjoe_overflow_paths, serial_bayou_pond_e,
          kennysheep_cross_room
D:5:      layout_gridville, minmay_misc_feat_chi, chequers_avenue,
          uniq_eustachio
D:6:      layout_basic, lemuel_coloured_pillars_altar, grunt_gozag_breadcrumbs,
          minmay_temple_entry_grid
D:7:      layout_rooms, uniq_joseph, uniq_duvessa
D:8:      layout_basic, serial_curves, eino_curves_02, eino_curves_04,
          eino_curves_02, uniq_grum

Skill      XL: |  1  2  3  4  5  6  7  8  9 |
---------------+----------------------------+-----
Fighting       | 3 4 5 6 7 |  7.9
Dodging        | 3 |  3.0
Unarmed Combat | 4 5 6 8 9 |  9.4
Throwing       | 1 2 3 4 |  4.9
Evocations     | 1 |  1.8

Action                   |  1- 3 |  4- 6 |  7- 9 || total
-------------------------+-------+-------+-------++-------
Melee: Unarmed           |    62 |   118 |   316 ||   496
       Punch             |       |     1 |    13 ||    14
Throw: Stone             |       |       |    15 ||    15
       Boomerang         |       |       |     9 ||     9
Invok: Berserk           |     1 |     3 |     1 ||     5
       Trog's Hand       |       |       |     2 ||     2
 Stab: Sleeping          |     1 |       |       ||     1
Armor: Animal skin       |    28 |    24 |       ||    52
       Robe              |       |     2 |   113 ||   115
Dodge: Dodged            |    25 |    45 |   139 ||   209

Table legend: (Time is in decaauts)
 A = Elapsed time spent in this place.
 B = Non-inter-level travel time spent in this place.
 C = Inter-level travel time spent in this place.
 D = Time resting spent in this place.
 E = Time spent auto-exploring this place.
 F = Levels seen in this place.
 G = Mean time per level.
                   A        B        C        D        E       F      G
               +--------+--------+--------+--------+--------+-----+--------+
         Total |   7221 |   6547 |    674 |   1042 |   4444 |   8 |  902.6 |
       Dungeon |   7221 |   6547 |    674 |   1042 |   4444 |   8 |  902.6 |
               +--------+--------+--------+--------+--------+-----+--------+

Top non-repeatable levels by time:
     D:3: 1393 daAuts
     D:2: 1186 daAuts
     D:6: 1160 daAuts
     D:4: 1083 daAuts
     D:5: 825 daAuts
     D:1: 762 daAuts
     D:7: 527 daAuts
     D:8: 281 daAuts
